 Dungeon Crawl Stone Soup version 0.21.1-1-g345015fe64 (webtiles) character file.

154 Gargoyl the Skirmisher (level 5, -12/48 HPs)
             Began as a Centaur Abyssal Knight on May 29, 2018.
             Was a Follower of Lugonu.
             Mangled by a shadow (18 damage)
             ... on level 3 of the Abyss.
             The game lasted 00:01:30 (211 turns).

Gargoyl the Skirmisher (Centaur Abyssal Knight)      Turns: 211, Time: 00:01:31

Health: -12/48     AC:  5    Str: 14    XL:     5   Next: 13%
Magic:  6/6        EV:  8    Int:  7    God:    Lugonu [*.....]
Gold:   0          SH:  0    Dex: 10    Spells: 4/4 levels left

rFire    . . .     SeeInvis .   a - +1 hand axe
rCold    . . .     Gourm    .   (no shield)
rNeg     . . .     Faith    .   d - +0 ring mail
rPois    .         Spirit   .   (no helmet)
rElec    .         Reflect  .   (no cloak)
rCorr    .         Harm     .   (no gloves)
MR       .....                  (no barding)
Stlth    ..........             (no amulet)
HPRegen  0.16/turn              (no ring)
MPRegen  0.10/turn              (no ring)

@: very quick
A: large, hooves 3, deformed body, [dopey 2], speed 2, tough skin 3, [MP-powered
wands]
a: Depart the Abyss, Renounce Religion


You were on level 3 of the Abyss.
You worshipped Lugonu.
Lugonu was aware of your devotion.
You were not hungry.

You visited 0 branches of the dungeon, and saw 0 of its levels.
You visited the Abyss 1 time.

Inventory:

Hand Weapons
 a - a +1 hand axe (weapon)
Armour
 b - a +0 leather armour
 d - a +0 ring mail (worn)
Wands
 e - a wand of random effects (26)
Comestibles
 c - 2 rations


   Skills:
 + Level 5.0 Fighting
 + Level 2.3 Axes
 + Level 2.0 Armour
 + Level 0.7 Dodging
 + Level 2.5 Invocations
 + Level 0.1 Evocations


You had 4 spell levels left.
You didn't know any spells.

Dungeon Overview and Level Annotations

Branches:
Dungeon (0/15)

Altars:


Innate Abilities, Weirdness & Mutations

You have hooves in place of feet.
Armour fits poorly on your strangely shaped body.
You cover ground very quickly.
You have extremely tough skin. (AC +3)
[You are very dopey. (Int -4)]
[You expend magic power (3 MP) to strengthen your wands.]


Message History

You start removing your armour.
You continue taking off your +0 leather armour. x4
You finish taking off your +0 leather armour.
You start putting on your armour.
You continue putting on your ring mail.
Keep equipping yourself? [Y]es or [N]o only, please.
Keep equipping yourself?
You continue putting on your ring mail.
The shadow slips into darkness.
The shadow flickers and vanishes!
Deactivating autopickup; reactivate with Ctrl-A.
You continue putting on your ring mail. x3
You finish putting on your +0 ring mail.
Found 26 arrows.
Found 24 gold pieces.
Found a gateway leading deeper into the Abyss.
There is a gateway leading deeper into the Abyss here.
You feel your health improve.
The shadow strikes at you from the darkness!
You die...

####.. .. # .## #. #
#.#.. . #. .... #.# .
...# ≈≈ .# #...#
#.#.# .. .. ≈≈≈
.##.## #..# #...#.
≈.#....##.##.# # .#..
....##... ##.......
#.#..#.....###...#
#..#@...#.#...##....#
#...$..## .... . ..#
#≈.....#.#...##.
.....
≈..≈..##.##.......#.#
.. ≈≈≈≈#.
.##..#(..#.....##
..≈≈..## ##.##....
#.. ..♣#. ..##.##.##
## ≈# #. #.##### ..#
## ##


There were no monsters in sight!

Vanquished Creatures (collateral kills)
  An ancient zyme (Abyss:2)
  A small abomination (Abyss:2)
2 creatures vanquished.

Notes
Turn   | Place    | Note
-------+----------+-------------------------------------------
     0 | Abyss:1  | Gargoyl the Centaur Abyssal Knight began the quest for the Orb.
     0 | Abyss:1  | Reached XP level 1. HP: 19/19 MP: 2/2
   111 | Abyss:2  | Noticed a small abomination
   129 | Abyss:2  | Noticed an ancient zyme
   129 | Abyss:2  | Killed a small abomination
   129 | Abyss:2  | Reached XP level 2. HP: 27/27 MP: 3/3
   129 | Abyss:2  | Reached XP level 3. HP: 33/33 MP: 4/4
   143 | Abyss:2  | Killed an ancient zyme
   143 | Abyss:2  | Reached skill level 5 in Fighting
   143 | Abyss:2  | Reached XP level 4. HP: 27/42 MP: 5/5
   143 | Abyss:2  | Reached XP level 5. HP: 31/48 MP: 6/6
   157 | Abyss:2  | Noticed a rust devil
   158 | Abyss:2  | Noticed a wretched star
   190 | Abyss:3  | Noticed a shadow
   211 | Abyss:3  | Mangled by a shadow

Skill      XL: |  1  2  3 |
---------------+----------+-----
Axes           | 2 |  2.3
Fighting       | 5 |  5.0
Armour         | 2 |  2.0
Dodging        | |  0.7
Invocations    | |  2.5
Evocations     | |  0.1

Action                   |  1- 3 |  4- 6 || total
-------------------------+-------+-------++-------
Evoke: Sack of spiders   |     3 |       ||     3
       Wand              |       |     1 ||     1
  Use: Scroll            |     2 |       ||     2
       Potion            |     1 |       ||     1
Armor: Leather armour    |     1 |       ||     1
